 Dungeon Crawl Stone Soup version 0.28-a0-206-gc2c9e32840 (webtiles) character file.

Game seed: 9956248229685259587

50 theanonym the Sneak (level 3, -4/28 HPs)
             Began as a Mummy Brigand on Aug 20, 2021.
             Was a Follower of Qazlal.
             Slain by an iguana (11 damage)
             ... on level 2 of the Dungeon.
             The game lasted 00:02:40 (1983 turns).

theanonym the Sneak (Mummy Brigand)                 Turns: 1983, Time: 00:02:40

Health: -4/28      AC:  5    Str: 15    XL:     3   Next: 55%
Magic:  3/3        EV: 11    Int: 10    God:    Qazlal [*.....]
Gold:   62         SH:  2    Dex: 13    Spells: 2/2 levels left

rFire   x . .      SeeInvis .   f - +0 short sword
rCold   + . .      Faith    .   (no shield)
rNeg    + + +      Spirit   .   g - +0 leather armour
rPois   ∞          Reflect  .   (no helmet)
rElec   .          Harm     .   c - +0 cloak
rCorr   .          Rampage  .   (no gloves)
Will    .....                   h - +0 pair of boots
Stlth   ++........              (no amulet)
HPRegen 0.09/turn               (no ring)
MPRegen 0.08/turn               (no ring)

@: no status effects
A: cold resistance 1, negative energy resistance 3, torment resistance 2, heat
vulnerability 1, no potions
a: Renounce Religion


Innate Abilities, Weirdness & Mutations

You are immune to poison.
Your flesh is cold resistant. (rC+)
You are immune to negative energy. (rN+++)
You are immune to unholy pain and torment.
You are vulnerable to heat. (rF-)
You do not drink.


   Skills:
 + Level 2.7 Fighting
 * Level 2.8 Short Blades
 - Level 1.5 Throwing
 - Level 0.7 Dodging
 - Level 3.2 Stealth


You had 2 spell levels left.
You didn't know any spells.
Your spell library was empty.

Skill      XL: |  1 |
---------------+----+-----
Short Blades   | 2 |  2.8
Fighting       | |  2.7
Throwing       | |  1.5
Dodging        | |  0.7
Stealth        | |  3.2

Action                   || total
-------------------------++-------
Melee: Dagger            ||    14
       Short sword       ||   118
Throw: Dart              ||     9
 Stab: Sleeping          ||     2
Armor: Robe              ||    11
       Leather armour    ||    55
Dodge: Dodged            ||   106
Block: Other             ||     3

Inventory:

Hand Weapons
 a - a +2 dagger
 f - a +0 short sword (weapon)
Missiles
 d - 5 poisoned darts (quivered)
 e - 2 curare-tipped darts
Armour
 c - a +0 cloak (worn)
 g - a +0 leather armour (worn)
 h - a +0 pair of boots (worn)
Magical Staves
 k - a staff of air
Scrolls
 b - 2 scrolls of enchant weapon {unknown}
 i - a scroll of teleportation {unknown}
 j - a scroll of amnesia {unknown}


You were on level 2 of the Dungeon.
You worshipped Qazlal.
Qazlal was aware of your devotion.
You visited 1 branch of the dungeon, and saw 2 of its levels.

You collected 62 gold pieces.

Dungeon Overview and Level Annotations

Branches:
Dungeon (2/15)

Altars:
Qazlal

.# .## .. #.
##.#####
########......
#...$.......##
#....## ##...####
#..@#.###.#.....#
#.○l##...##.###.##.#
#....#..)#..........
#...##.(.##..##....<
###.#.###.#..##...##
...##.##..........
..........##....#.
..(......#....#....
...........?..##...


You could see an iguana.

Notes
Turn   | Place    | Note
-------+----------+-------------------------------------------
     0 | D:1      | theanonym the Mummy Brigand began the quest for the Orb.
     0 | D:1      | Reached XP level 1. HP: 16/16 MP: 1/1
   203 | D:1      | Reached skill level 2 in Short Blades
   391 | D:1      | Reached XP level 2. HP: 22/22 MP: 2/2
   412 | D:1      | HP: 10/22 [quokka (4)]
   417 | D:1      | HP: 9/22 [quokka (1)]
   425 | D:1      | HP: 6/22 [quokka (2)]
   431 | D:1      | HP: 3/22 [quokka (3)]
   721 | D:1      | Found a faded altar of an unknown god.
   981 | D:1      | Became a worshipper of Qazlal Stormbringer
   981 | D:1      | Reached * piety under Qazlal
  1358 | D:1      | Reached XP level 3. HP: 28/28 MP: 3/3
  1772 | D:2      | HP: 14/28 [adder (4)]
  1982 | D:2      | HP: 7/28 [iguana (12)]
  1983 | D:2      | Slain by an iguana

Vanquished Creatures
  An adder (D:2)
  A worm (D:2)
  A dart slug (D:1)
  A ball python (D:1)
  3 endoplasms
  4 goblins
  3 hobgoblins (D:1)
  2 kobolds (D:1)
  5 quokkas (D:1)
  8 bats
  3 rats (D:1)
32 creatures vanquished.

Table legend: (Time is in decaauts)
 A = Elapsed time spent in this place.
 B = Non-inter-level travel time spent in this place.
 C = Inter-level travel time spent in this place.
 D = Time resting spent in this place.
 E = Time spent auto-exploring this place.
 F = Levels seen in this place.
 G = Mean time per level.
                   A        B        C        D        E       F      G
               +--------+--------+--------+--------+--------+-----+--------+
         Total |   1978 |   1946 |     32 |    660 |    936 |   2 |  989.0 |
       Dungeon |   1978 |   1946 |     32 |    660 |    936 |   2 |  989.0 |
               +--------+--------+--------+--------+--------+-----+--------+

Top non-repeatable levels by time:
     D:1: 1716 daAuts
     D:2: 261 daAuts
